 Dungeon Crawl Stone Soup version 0.31.0-32-g396128a36d (webtiles) character file.

Game seed: 18216421325522960216

1647 mainiacjoe the Toxicologist (level 8, -2/39 (43) HPs)
             Began as a Deep Elf Alchemist on Mar 30, 2024.
             Was a Follower of Kikubaaqudgha.
             Slain by a wight
             ... wielding a +0 battleaxe
              (4 damage)
             ... on level 6 of the Dungeon.
             The game lasted 00:19:15 (5948 turns).

mainiacjoe the Toxicologist (Deep Elf Alchemist)    Turns: 5948, Time: 00:19:17

HP:   -2/39 (43)    AC:  7    Str: 15    XL:     8   Next: 67%
MP:   17/17         EV: 12    Int: 25    God:    Kikubaaqudgha [*.....]
Gold: 138           SH:  6    Dex: 17    Spells: 9/17 levels left

rFire   . . .        a - +7 Throatcutter {drain, coup de grace}
rCold   . . .        l - +0 buckler
rNeg    . . .        o - +2 leather armour of the Writhing Gods {Str+4 Int+2 Dex+2 Slay-3}
rPois   .            d - +0 helmet
rElec   .            (no cloak)
rCorr   .            y - +0 pair of gloves
SInv    +            (no boots)
Will    .....        (no amulet)
Stlth   ++           f - ring of see invisible
HPRegen 0.26/turn    j - +6 ring of strength
MPRegen 0.15/turn

%: no passive effects
@: drained
A: no striking features
a: Renounce Religion, Unearth Wretches


You were on level 6 of the Dungeon.
You worshipped Kikubaaqudgha.
Kikubaaqudgha was aware of your devotion.
You visited 2 branches of the dungeon, and saw 7 of its levels.
You also visited: Ossuary.

You collected 361 gold pieces.
You spent 223 gold pieces at shops.

Inventory:

Hand Weapons
 a - the +7 Throatcutter (weapon) {drain, coup de grace}
   (You found it on level 3 of the Dungeon)
 g - a +0 vampiric short sword
 n - a +0 falchion
 q - a +0 sling
 u - a +3 short sword of electrocution
 G - a +4 mace of freezing
Missiles
 e - 46 stones
 t - 13 poisoned darts
 v - 2 throwing nets {=F}
Armour
 c - a +0 robe
 d - a +0 helmet (worn)
 l - a +0 buckler (worn)
 o - the +2 leather armour of the Writhing Gods (worn) {Str+4 Int+2 Dex+2 Slay-3}
   (You found it on level 3 of the Dungeon)

   Str+4:     It affects your strength (+4).
   Int+2:     It affects your intelligence (+2).
   Dex+2:     It affects your dexterity (+2).
   Slay-3:    It affects your accuracy & damage with ranged weapons and melee
   (-3).
 y - a +0 pair of gloves (worn)
 I - a +2 robe of willpower
Jewellery
 f - a ring of see invisible (left hand)
 j - a +6 ring of strength (right hand)
Wands
 H - a wand of polymorph (6)
 J - a wand of flame (21)
 K - a wand of roots (11)
Scrolls
 k - 4 scrolls of teleportation
 m - 2 scrolls of vulnerability
 A - a scroll of amnesia
 C - a scroll of blinking
 F - a scroll of brand weapon
Potions
 b - 3 potions of magic
 h - a potion of berserk rage
 i - a potion of lignification
 p - 2 potions of brilliance
 r - a potion of enlightenment {unknown}
 s - 3 potions of curing
 w - a potion of heal wounds {unknown}
 x - 3 potions of might
 z - 2 potions of haste
 B - 2 potions of ambrosia {unknown}
 D - 2 potions of resistance {unknown}
 E - 2 potions of attraction {unknown}


   Skills:
 + Level 1.3 Fighting
 + Level 3.4 Dodging
 + Level 3.5 Stealth
 - Level 5.0 Shields
 - Level 5.0 Spellcasting
 - Level 3.0 Conjurations
 - Level 3.0 Air Magic
 - Level 8.0 Alchemy


You had 9 spell levels left.
You knew the following spells:

 Your Spells              Type           Power      Damage    Failure   Level
a - Sting                 Conj/Alch      100%       1d9       1%          1
c - Mephitic Cloud        Conj/Alch/Air  29%        N/A       6%          3
d - Olgreb's Toxic Radia  Alch           46%        N/A       4%          4

Your spell library contained the following spells:

 Spells                   Type           Power      Damage    Failure   Level
 Mercury Vapours          Alch/Air       66%        N/A       1%          2
 Cigotuvi's Dreadful Rot  Necr/Alch/Air  48%        N/A       4%          2
 Apportation              Tloc           12%        N/A       13%         1
 Necrotise                Necr           24%        1d5       13%         1
 Alistair's Intoxication  Alch           30%        N/A       14%         5
 Jinxbite                 Hex            12%        N/A       21%         2
 Sublimation of Blood     Necr           6%         N/A       21%         2
 Dazzling Flash           Conj/Hex       26%        N/A       22%         3
 Leda's Liquefaction      Alch/Erth      13%        N/A       26%         4
 Sticky Flame             Fire/Alch      26%        2d6       26%         4
 Summon Ice Beast         Ice/Summ       6%         N/A       36%         3
 Volatile Blastmotes      Fire/Tloc      12%        2d11      36%         3
 Animate Dead             Necr           6%         N/A       78%         4
 Lee's Rapid Deconstruct  Erth           3%         3d5*      98%         5
 Summon Mana Viper        Hex/Summ       6%         N/A       98%         5
 Bombard                  Conj/Erth      6%         9d2       100%        6
 Starburst                Conj/Fire      6%         6d4       100%        6
 Monstrous Menagerie      Summ           3%         N/A       100%        7
 Maxwell's Capacitive Co  Air            10%        ∞         100%        8


Dungeon Overview and Level Annotations

Branches:
Dungeon (6/15)             Temple (1/1) D:5         Ossuary (visited)

Altars:
Cheibriados
Dithmenos
Elyvilon
Fedhas
Gozag
Hepliaklqana
Kikubaaqudgha
Nemelex Xobeh
Okawaru
Qazlal
Trog
Vehumet
Wu Jian
Xom
Yredelemnul
Zin
The Shining One

Shops:
D:4 *

Annotations:
D:3 2 transporters, middlethird's ghost, weakling VSIE
D:5 4 exclusions, Menkaure


Message History

Things that are here:
a +1 long sword of freezing; a +0 robe
K - a wand of roots (11)
L - a scroll labelled ODOJIB ENOLUSCH The air fills with toxic fumes!
As you read the scroll labelled ODOJIB ENOLUSCH, it crumbles to dust.
It was a scroll of poison.
You start waiting.
Done waiting. 2 wights come into view.
A wight is wielding a +3 long sword of freezing.
You slash the wight!
The wight is heavily damaged.
The wight hits you with a +3 long sword of freezing.
You feel drained. The wight freezes you.
You slash the wight!
You destroy the wight!
Kikubaaqudgha accepts your kill. The wight hits you with a +0 battleaxe!
You feel drained.
You are too injured to fight recklessly!
You are too injured to fight recklessly!
You are too injured to fight recklessly!
You are too injured to fight recklessly!
Unknown command.
You completely miss the wight. The wight barely misses you.
You block the wight's attack.
You hit the wight.
The wight is lightly damaged.
You block the wight's attack.
You slash the wight!
The wight is heavily damaged.
The wight hits you with a +0 battleaxe!
You feel drained. The wight barely misses you.
You hit the wight.
The wight is severely damaged.
The wight hits you with a +0 battleaxe!
* * * LOW HITPOINT WARNING * * *
You feel drained.
You die...
Kikubaaqudgha rasps: "You have failed me!
Welcome... death!"

)....# ######## .)##.#
#......# .###.#
#......# ..##.##
#..>...#
#.##..####......#
#.###...##......#####
#.#####..)......#...
#..###...#......#z#
##......####.###@)#
[.......# #.###.##
######..####......
#....#...##.####
#.##...........##
#.##............##
##................#
###.................#
##...#...)...........#


You could see a wight.

Vanquished Creatures
  Prince Ribbit (D:5)
  A water moccasin (D:6)
  Duvessa (D:6)
  An ogre (D:4)
  A kobold brigand (D:3)
  Blork the orc (D:5)
  A bullfrog (D:5)
  3 scorpions (D:4)
  4 wights
  A burial acolyte (Ossuary)
  Dowan (D:6)
  3 hounds
  A jelly (D:6)
  An orc priest (D:6)
  A sleepcap (D:6)
  4 iguanas
  An orc wizard (D:6)
  A mummy (Ossuary)
  4 gnolls (D:4)
  5 adders
  A shadow imp (D:6)
  A white imp (D:6)
  2 ufetubi (D:6)
  A ribbon worm (D:4)
  A dart slug (D:1)
  6 orcs
  6 endoplasms
  A giant cockroach (D:4)
  4 goblins
  12 hobgoblins
  2 jackals (D:2)
  11 kobolds
  7 quokkas
  5 ball pythons
  6 bats
  2 frilled lizards (D:1)
  8 gnoll skeletons (Ossuary)
  A goblin zombie (D:5)
  5 kobold skeletons (Ossuary)
  7 orc skeletons (Ossuary)
  2 orc zombies (D:5)
  7 rats
135 creatures vanquished.

Notes
Turn   | Place    | Note
-------+----------+-------------------------------------------
     0 | D:1      | mainiacjoe the Deep Elf Alchemist began the quest for the
                  | Orb.
     0 | D:1      | Reached XP level 1. HP: 10/10 MP: 6/6
   454 | D:1      | Reached XP level 2. HP: 15/15 MP: 2/8
   457 | D:1      | Learned a level 2 spell: Mercury Vapours
   754 | D:1      | Reached skill level 1 in Air Magic
   886 | D:2      | Reached skill level 4 in Alchemy
  1010 | D:2      | Reached XP level 3. HP: 19/19 MP: 6/9
  1014 | D:2      | Learned a level 3 spell: Mephitic Cloud
  1920 | D:3      | Identified the +2 leather armour of the Writhing Gods
                  | {Str+4 Int+2 Dex+2 Slay-3}
  2172 | D:3      | Found a transporter.
  2174 | D:3      | Noticed middlethird's ghost (weakling VSIE)
  2182 | D:3      | Found a transporter.
  2265 | D:3      | Reached XP level 4. HP: 24/24 MP: 7/10
  2683 | D:3      | Found the +7 Throatcutter {drain, coup de grace}
  2683 | D:3      | Noticed a kobold brigand
  2701 | D:3      | Killed a kobold brigand
  2702 | D:3      | Reached skill level 1 in Shields
  2702 | D:3      | Reached XP level 5. HP: 25/28 MP: 1/11
  3034 | D:4      | Reached skill level 5 in Alchemy
  3186 | D:4      | Reached XP level 6. HP: 27/32 MP: 7/12
  3381 | D:4      | Found Ineeq's Assorted Antiques.
  3384 | D:4      | Bought a scroll of identify for 68 gold pieces
  3384 | D:4      | Bought a smoky white potion for 30 gold pieces
  3693 | D:4      | Reached skill level 6 in Alchemy
  3693 | D:4      | Reached XP level 7. HP: 36/36 MP: 5/13
  3698 | D:4      | Learned a level 4 spell: Olgreb's Toxic Radiance
  4013 | D:5      | Entered Level 5 of the Dungeon
  4077 | D:5      | Found a staircase to the Ecumenical Temple.
  4090 | Temple   | Entered the Ecumenical Temple
  4263 | D:5      | Found a sand-covered staircase.
  4306 | Ossuary  | Entered an ossuary
  4699 | Ossuary  | Found an ancient bone altar of Kikubaaqudgha.
  4729 | Ossuary  | Reached skill level 7 in Alchemy
  4839 | Ossuary  | Became a worshipper of Kikubaaqudgha
  4863 | D:5      | Noticed Prince Ribbit
  4868 | D:5      | Killed Prince Ribbit
  4869 | D:5      | Reached XP level 8. HP: 24/41 MP: 6/14
  4980 | D:5      | Noticed Blork the orc
  4998 | D:5      | Killed Blork the orc
  4999 | D:5      | Reached skill level 8 in Alchemy
  5044 | D:4      | Bought a glowing robe for 125 gold pieces
  5122 | D:5      | Noticed Duvessa
  5122 | D:5      | Noticed Dowan
  5122 | D:5      | Noticed Menkaure
  5130 | D:6      | Killed Duvessa
  5131 | D:6      | Reached skill level 5 in Shields
  5132 | D:6      | Killed Dowan
  5483 | D:6      | Reached skill level 5 in Spellcasting
  5780 | D:6      | Reached * piety under Kikubaaqudgha
  5780 | D:6      | Received a gift from Kikubaaqudgha
  5781 | D:6      | Reached skill level 1 in Fighting
  5948 | D:6      | HP: 2/41 [wight/+0 battleaxe (16)]
  5948 | D:6      | Slain by a wight

Illustrated notes

Levels and vault maps discovered:
D:1:      tarquinn_simple_flora_water_a, layout_basic, minmay_heptomino_w4
D:2:      layout_basic, kennysheep_cross_room
D:3:      layout_loops_corners, gammafunk_ghost_mausoleum,
          dilly_guarded_unrand_throatcut
D:4:      cheibrodos_old_hovel, layout_gridville, serial_shops,
          kennysheep_mini_moat
D:5:      layout_loops_corners, minmay_temple_entry_grid, serial_shops,
          nicolae_shop_trees, enter_ossuary_3, uniq_duvessa,
          uniq_crazy_yiuf_cottage, uniq_prince_ribbit1, uniq_pikel,
          uniq_menkaure, uniq_blork_the_orc
D:6:      layout_rooms
Temple:   nicolae_temple_bog_church

Skill      XL: |  1  2  3  4  5  6  7  8 |
---------------+-------------------------+-----
Air Magic      | 1 2 3 |  3.0
Alchemy        | 4 5 6 7 8 |  8.0
Conjurations   | 2 3 |  3.0
Shields        | 1 2 3 4 5 |  5.0
Spellcasting   | 5 |  5.0
Stealth        | 3 |  3.5
Fighting       | 1 |  1.3
Dodging        | 3 |  3.4

Action                     |  1- 3 |  4- 6 |  7- 9 || total
---------------------------+-------+-------+-------++-------
  Melee: Falchion          |    26 |       |       ||    26
         Short sword       |     4 |    16 |       ||    20
         Long sword        |       |    12 |    92 ||   104
   Cast: Sting             |    63 |    67 |    11 ||   141
         Mercury Vapours   |     2 |       |       ||     2
         Mephitic Cloud    |     1 |     4 |     3 ||     8
         Olgreb's Toxic Ra |       |       |     4 ||     4
    Use: Scroll            |     6 |     3 |     6 ||    15
         Potion            |       |       |     1 ||     1
   Stab: Sleeping          |     1 |     2 |     4 ||     7
         Confused          |       |       |     2 ||     2
 Armour: Robe              |    18 |       |    20 ||    38
         Leather armour    |     2 |    19 |    28 ||    49
  Dodge: Dodged            |    33 |    19 |    45 ||    97
  Block: Buckler           |     2 |     7 |    23 ||    32
